AoeStats
← ivcrk826

Nomad

509110165Analyzed
3v3 RM · 7d ago on Sep 25, 2026· 45m 43s· 6 players
Game mode
Random Map
Map size
210×210
Population
200
Speed
Normal
Resources
Standard
Victory
Conquest
Starting age
Dark Age
Ending age
Imperial Age
RankedLock teamsTeams togetherTeam positionsShared explorationLock speedFull tech treeHidden civsTurbo modeCheats
Victory
Defeat
🇹🇼 Japanese · Taiwan
1489
+12
🇦🇷 Vikings · Argentina
1447
+14
🇺🇸 Byzantines · United States
1373
+17
🇹🇼 Mongols · Taiwan
1411
-15
🇹🇼 Wu · Taiwan
1393
-14
🇹🇼 Italians · Taiwan
1390
-14
Dr.Dreamz
4:07 Loom
13:47 Feudal Age
18:20 Castle Age
17:18 Double-Bit Axe
19:24 Medium Warships
20:03 Bow Saw
21:30 Horse Collar
22:40 Fletching
25:26 Wheelbarrow
28:13 Bodkin Arrow
40:33 Imperial Age
38:34 Ballistics
39:45 Scale Barding Armor
40:55 Gold Mining
41:42 Chain Barding Armor
42:29 Conscription
43:31 Chemistry
44:28 Squires
43:49 Pikeman
45:57 Plate Barding Armor
ivcrk826
4:31 Loom
12:25 Feudal Age
12:59 Double-Bit Axe
17:13 Fletching
20:22 Castle Age
21:03 Bodkin Arrow
21:31 Bow Saw
27:35 Squires
29:29 Fishing Lines
30:29 Padded Archer Armor
34:55 Imperial Age
32:26 Elite Skirmisher
33:27 Leather Archer Armor
33:08 Stone Mining
33:21 Gillnets
34:35 Scale Mail Armor
35:26 Ballistics
36:07 Conscription
36:01 Bracer
37:05 Chemistry
36:11 Elite Varangian Guard
37:49 Chain Mail Armor
39:00 Plate Mail Armor
38:41 Forging
40:08 Chieftains
39:58 Arson
39:58 Horse Collar
44:00 Crossbowman
44:43 Bogsveigar
45:04 Arbalester
46:19 Ring Archer Armor
46:25 Iron Casting
No_English
5:02 Loom
13:44 Feudal Age
17:59 Castle Age
15:55 Double-Bit Axe
16:31 Gold Mining
16:24 Horse Collar
16:37 Stone Mining
18:27 Town Watch
19:17 Wheelbarrow
19:09 Fletching
20:07 Bodkin Arrow
22:03 Bow Saw
22:19 Heavy Plow
24:03 Scale Mail Armor
24:44 Forging
25:31 Yasama
27:15 Chain Mail Armor
27:38 Hand Cart
28:18 Gambesons
31:11 Iron Casting
33:59 Imperial Age
31:55 Padded Archer Armor
32:26 Ballistics
32:52 Gold Shaft Mining
34:01 Leather Archer Armor
33:24 Elite Skirmisher
34:57 Bracer
36:02 Guard Tower
36:52 Plate Mail Armor
36:17 Elite Samurai
37:45 Ring Archer Armor
40:35 Blast Furnace
40:31 Kataparuto
41:55 Conscription
43:27 Keep
42:38 Arrowslits
44:19 Two-Man Saw
44:15 Murder Holes
45:21 Chemistry
45:44 Siege Engineers
45:20 Treadmill Crane
David
6:07 Loom
13:34 Feudal Age
14:15 Double-Bit Axe
17:36 Scale Mail Armor
19:46 Castle Age
17:59 Forging
19:26 Arson
19:50 Horse Collar
20:34 Squires
20:51 Chain Mail Armor
21:32 Bow Saw
21:57 Town Watch
23:22 Gold Mining
24:40 Heavy Plow
24:56 Man-at-Arms
28:32 Wheelbarrow
29:24 Long Swordsman
35:07 Iron Casting
36:00 Hand Cart
39:34 Ballistics
39:25 Masonry
43:27 Imperial Age
41:15 Fletching
41:26 Padded Archer Armor
41:31 Scale Barding Armor
42:16 Town Patrol
42:26 Murder Holes
42:11 Treadmill Crane
42:57 Bloodlines
42:47 Husbandry
42:55 Bodkin Arrow
43:43 Gold Shaft Mining
42:58 Stone Mining
42:45 Light Cavalry
43:30 Heavy Hei Guang Cavalry
45:15 Chain Barding Armor
45:56 Blast Furnace
chick
11:52 Loom
15:17 Feudal Age
16:09 Fishing Lines
18:48 Castle Age
17:33 Double-Bit Axe
20:11 Medium Warships
21:47 Fletching
24:37 Bodkin Arrow
25:37 Bow Saw
25:09 Horse Collar
27:09 Ballistics
27:33 Heavy Plow
33:31 Town Watch
36:14 Thumb Ring
36:13 Husbandry
39:57 Imperial Age
40:37 Bracer
Ray
3:29 Loom
4:12 Loom
15:14 Feudal Age
19:40 Castle Age
18:59 Horse Collar
19:07 Double-Bit Axe
19:25 Fishing Lines
20:26 Heavy Plow
21:18 Medium Warships
21:28 Medium Warships
21:31 Fletching
23:06 Bow Saw
26:02 Bodkin Arrow
30:31 Padded Archer Armor
32:53 Leather Archer Armor
34:21 Ballistics
33:57 Gold Mining
35:14 Fortified Wall
38:01 Imperial Age
36:07 Wheelbarrow
35:48 Town Watch
37:06 Man-at-Arms
37:47 Squires
37:59 Stone Mining
38:43 Scale Mail Armor
39:45 Stone Shaft Mining
38:36 Long Swordsman
39:45 Chain Mail Armor
39:41 Forging
39:54 Conscription
39:15 Elite Skirmisher
39:24 Cavalier
40:14 Bloodlines
41:03 Plate Mail Armor
41:09 Iron Casting
40:29 Two-Handed Swordsman
42:12 Plate Mail Armor
43:00 Hand Cart
46:25 Two-Man Saw
Connection lost

Rejoining the realm…

Still unreachable

The connection could not be restored.

Session expired

The server has moved on; the page needs a fresh start.